 Dungeon Sprint DCSS version 0.30-a0-140-gd1020e658a (webtiles) character file.

Game seed: 8820709483664350413

7 mhtbhm the Digger (level 2, -1/15 HPs)
             Began as a Gargoyle Earth Elementalist on Sept 24, 2022.
             Slain by an ice beast (14 damage)
             ... in the Dungeon (Sprint IX: "|||||||||||||||||||||||||||||").
             The game lasted 00:00:26 (187 turns).

mhtbhm the Digger (Gargoyle Earth Elementalist)      Turns: 187, Time: 00:00:26

Health: -1/15      AC:  4    Str: 11    XL:     2   Next: 0%
Magic:  4/5        EV: 12    Int: 15    God:
Gold:   0          SH:  0    Dex: 10    Spells: 2/5 levels left

rFire   . . .      SeeInvis .    (no weapon)
rCold   . . .      Faith    .    (no shield)
rNeg    + . .      Spirit   .    a - +0 robe
rPois   ∞          Reflect  .    (no helmet)
rElec   +          Harm     .    (no cloak)
rCorr   .          Rampage  .    (no gloves)
Will    .....      NoTele   +    (no boots)
Stlth   ++........               (no amulet)
HPRegen 0.05/turn                (no ring)
MPRegen 0.09/turn                (no ring)

@: hasted, very quick
A: sickness immunity, AC +2, negative energy resistance 1, electricity
resistance, torment resistance 1, petrification resistance
a: no special abilities


You were in the Dungeon.
You visited 1 branch

Inventory:

Armour
 a - a +0 robe (worn)
Scrolls
 g - a scroll of blinking
Potions
 b - a potion of magic
 c - a potion of curing
 d - a potion of heal wounds
 f - a potion of berserk rage


   Skills:
 + Level 1.8 Dodging
 + Level 2.4 Stealth
 + Level 2.2 Spellcasting
 + Level 0.7 Transmutations
 + Level 5.3 Earth Magic


You had 2 spell levels left.
You knew the following spells:

 Your Spells              Type           Power      Damage    Failure   Level
a - Sandblast             Erth           34%        2d9       2%          1
b - Passwall              Tmut/Erth      8%         N/A       10%         2

Your spell library contained the following spells:

 Spells                   Type           Power      Damage    Failure   Level
 Stone Arrow              Conj/Erth      18%        3d8       22%         3
 Petrify                  Tmut/Erth      10%        N/A       52%         4


Dungeon Overview and Level Annotations

Branches:
Dungeon (1/1)

Altars:


Innate Abilities, Weirdness & Mutations

You are immune to sickness and miasma.
Your stone body is resilient. (AC +2)
You are immune to poison.
You resist negative energy. (rN+)
You are resistant to electric shocks. (rElec)
You are resistant to unholy torment.
You are immune to petrification.


Message History

a +0 short sword; a kobold corpse
Casting: Sandblast (safe; 2% risk of failure)
Confirm with . or Enter, or press ? or * to list all spells.
Aiming: Sandblast (safe; 2% risk of failure)
Press: ? - help, Shift-Dir - straight line, f/p - ice beast
Aim: an ice beast (moderately wounded, 82% to hit)
The blast of sand hits the ice beast.
The ice beast is moderately wounded.
The ice beast hits you but does no damage.
Unknown command.
Casting: Sandblast (safe; 2% risk of failure)
Confirm with . or Enter, or press ? or * to list all spells.
Aiming: Sandblast (safe; 2% risk of failure)
Press: ? - help, Shift-Dir - straight line, f/p - ice beast
Aim: an ice beast (moderately wounded, 82% to hit)
The blast of sand misses the ice beast.
The blast of sand hits the hound.
The hound is moderately wounded.
Unknown command.
Unknown command.
Magic courses through your body. The ice beast closely misses you.
Casting: Sandblast (safe; 2% risk of failure)
Confirm with . or Enter, or press ? or * to list all spells.
Aiming: Sandblast (safe; 2% risk of failure)
Press: ? - help, Shift-Dir - straight line, f/p - ice beast
Aim: an ice beast (moderately wounded, 82% to hit)
The blast of sand hits the ice beast!
The ice beast is heavily wounded.
The ice beast closely misses you.
Unknown command.
Unknown command.
Casting: Sandblast (safe; 2% risk of failure)
Confirm with . or Enter, or press ? or * to list all spells.
Aiming: Sandblast (safe; 2% risk of failure)
Press: ? - help, Shift-Dir - straight line, f/p - ice beast
Aim: an ice beast (heavily wounded, 82% to hit)
The blast of sand hits the ice beast but does no damage.
The ice beast is heavily wounded.
The ice beast hits you. The ice beast freezes you!
Ouch! That really hurt!
You die...

▓.▓
▓.▓
▓.▓
▓J▓
▓O▓
▓h▓
▓h▓
▓Y▓
▓@▓
▓<▓
▓▓▓


You could see an ice beast, an ogre, 2 hounds and a jelly.

Vanquished Creatures
  A ball python (D)
  2 endoplasms (D)
  A hobgoblin (D)
  A kobold (D)
5 creatures vanquished.

Notes
Turn   | Place    | Note
-------+----------+-------------------------------------------
     0 | D        | mhtbhm the Gargoyle Earth Elementalist began the quest for
                  | the Orb.
     0 | D        | Reached XP level 1. HP: 10/10 MP: 3/3
     6 | D        | Reached skill level 4 in Earth Magic
    13 | D        | Reached skill level 5 in Earth Magic
    15 | D        | Reached XP level 2. HP: 15/15 MP: 1/5
   167 | D        | Learned a level 2 spell: Passwall
   170 | D        | Noticed an ogre
   170 | D        | Noticed an ice beast
   187 | D        | Slain by an ice beast

Illustrated notes

Levels and vault maps discovered:
D:        linesprint [early_d, line_temple, items_1, d_10, items_2, lair_1,
          lair_end, items_3, orc_1, orc_end, items_4, d_15, swamp_1, shoals_1,
          snake_1, spider_1, d_20, vaults_1, items_5, swamp_end, shoals_end,
          snake_end, spider_end, vaults_end, d_27, items_6, zot_1, zot_end,
          crypt_end, forest_end, elf_end, slime_end, tomb_end, abyss_end,
          pan_hell_end]

Skill      XL: |  1 |
---------------+----+-----
Earth Magic    | 5 |  5.3
Dodging        | |  1.8
Stealth        | |  2.4
Spellcasting   | |  2.2
Transmutations | |  0.7

Action                   || total
-------------------------++-------
 Cast: Sandblast         ||    13
  Use: Potion            ||     3
Armor: Robe              ||     1
Dodge: Dodged            ||     6

Table legend: (Time is in decaauts)
 A = Elapsed time spent in this place.
 B = Non-inter-level travel time spent in this place.
 C = Inter-level travel time spent in this place.
 D = Time resting spent in this place.
 E = Time spent auto-exploring this place.
 F = Levels seen in this place.
 G = Mean time per level.
                   A        B        C        D        E       F      G
               +--------+--------+--------+--------+--------+-----+--------+
         Total |    186 |    186 |      0 |    143 |      0 |   1 |  186.0 |
       Dungeon |    186 |    186 |      0 |    143 |      0 |   1 |  186.0 |
               +--------+--------+--------+--------+--------+-----+--------+

Top non-repeatable levels by time:
       D: 186 daAuts
